 Dungeon Crawl Stone Soup version 0.22-a0-49-g614aadd271 (webtiles) character file.

469 Cheet4h the Slasher (level 6, -1/53 HPs)
             Began as a Draconian Berserker on Jan 8, 2018.
             Was a Priest of Trog.
             Slain by a phantom (5 damage)
             ... on level 4 of the Dungeon.
             The game lasted 00:06:58 (3261 turns).

Cheet4h the Slasher (Draconian Berserker)           Turns: 3261, Time: 00:06:59

Health: -1/53      AC:  6    Str: 20      XL:     6   Next: 82%
Magic:  6/6        EV: 13    Int:  7      God:    Trog [***...]
Gold:   109        SH:  0    Dex: 11 (12) Spells: 5/5 levels left

rFire    + . .     SeeInvis .   a - +0 falchion
rCold    . . .     Gourm    .   (no shield)
rNeg     . . .     Faith    .   (armour unavailable)
rPois    .         Spirit   .   (helmet restricted)
rElec    .         Reflect  .   (no cloak)
rCorr    .         Harm     .   (no gloves)
MR       +....                  (no boots)
Stlth    +.........             (no amulet)
HPRegen  0.17/turn              (no ring)
MPRegen  0.10/turn              (no ring)

@: no status effects
A: unfitting armour, deterioration 1, fire resistance 1, magic resistance 1,
cold-blooded, AC +6
a: Berserk, Trog's Hand, Burn Spellbooks, Renounce Religion


You were on level 4 of the Dungeon.
You worshipped Trog.
Trog was most pleased with you.
You were not hungry.

You visited 1 branch of the dungeon, and saw 4 of its levels.

You collected 109 gold pieces.

Inventory:

Hand Weapons
 a - a +0 falchion (weapon)
Wands
 g - a wand of digging (4)
Scrolls
 c - 3 scrolls of remove curse
Potions
 d - a potion of agility
 e - a potion of resistance
 f - a potion of ambrosia {unknown}
 i - 2 potions of flight
Comestibles
 b - 7 rations


   Skills:
 * Level 4.4 Fighting
 * Level 6.7 Long Blades
 * Level 3.6 Dodging


You had 5 spell levels left.
You didn't know any spells.

Dungeon Overview and Level Annotations

Branches:
Dungeon (4/15)
 Temple: D:4-7

Altars:


Innate Abilities, Weirdness & Mutations

Your plain brown scales are hard. (AC +6)
You cannot fit into any form of body armour.
You are cold-blooded and may be slowed by cold attacks.
Your body sometimes deteriorates upon taking damage.
Your flesh is heat resistant. (rF+)
You are resistant to hostile enchantments. (MR+)


Message History

Trog accepts your kill.
You feel sick.
You see here an adder corpse.
You butcher the adder corpse.
Things that are here:
2 chunks of flesh; an adder skeleton You feel sick.
The phantom blinks!
Things that are here:
2 chunks of flesh; an adder skeleton The phantom hits you!
* * * LOW HITPOINT WARNING * * *
You are too injured to fight recklessly!
You are too injured to fight recklessly!
You are too injured to fight recklessly!
You closely miss the phantom.
Your tail-slap misses the phantom.
The phantom is severely damaged.
You feel sick.
You are no longer poisoned.
The phantom hits you.
You die...

####.#
#....#
#....##
#.>...
#....>
#....#
#...W#
#...@#
####%#
######.#
#......# #.
#......# ..
#......##.#
#....<...#
#......###
#......#


You could see a phantom.

Vanquished Creatures
  An ice beast (D:3)
  An ogre (D:3)
  An orc priest (D:3)
  3 orc wizards
  Natasha (thrice) (D:2)
  3 adders
  An ooze (D:2)
  2 worms (D:2)
  2 dart slugs
  2 leopard geckos (D:1)
  9 orcs
  3 giant cockroaches
  10 goblins
  5 hobgoblins (D:2)
  6 jackals (D:3)
  7 bats
  6 frilled lizards
  5 kobolds
  4 rats
74 creatures vanquished.

Notes
Turn   | Place    | Note
-------+----------+-------------------------------------------
     0 | D:1      | Cheet4h the Draconian Berserker began the quest for the Orb.
     0 | D:1      | Reached XP level 1. HP: 19/19 MP: 1/1
   292 | D:1      | Reached XP level 2. HP: 21/26 MP: 2/2
   707 | D:2      | Noticed Natasha
   717 | D:2      | Killed Natasha
   717 | D:2      | Reached skill level 4 in Long Blades
   717 | D:2      | Reached XP level 3. HP: 4/31 MP: 3/3
  1183 | D:2      | Reached XP level 4. HP: 38/38 MP: 4/4
  1185 | D:2      | Reached skill level 5 in Long Blades
  1447 | D:2      | Noticed Natasha
  1453 | D:2      | Killed Natasha
  1453 | D:2      | Reached ** piety under Trog
  1453 | D:2      | Reached XP level 5. HP: 45/45 MP: 5/5
  1740 | D:2      | Noticed Natasha
  1750 | D:2      | Killed Natasha
  1750 | D:2      | Reached skill level 6 in Long Blades
  1858 | D:2      | Gained mutation: Your large and strong wings let you fly indefinitely. [potion of mutation]
  1858 | D:2      | Gained mutation: Your muscles are strong. (Str +2) [potion of mutation]
  1858 | D:2      | Gained mutation: You evolve. [potion of mutation]
  1859 | D:2      | Lost mutation: Your large and strong wings let you fly indefinitely. [potion of mutation]
  1859 | D:2      | Lost mutation: You evolve. [potion of mutation]
  1859 | D:2      | Lost mutation: Your muscles are strong. (Str +2) [potion of mutation]
  1859 | D:2      | Gained mutation: Your flesh is heat resistant. (rF+) [potion of mutation]
  1859 | D:2      | Gained mutation: Your body sometimes deteriorates upon taking damage. [potion of mutation]
  1859 | D:2      | Gained mutation: You are resistant to hostile enchantments. (MR+) [potion of mutation]
  2043 | D:3      | Noticed an ice beast
  2058 | D:3      | HP: 1/67 [ice beast (8)]
  2060 | D:3      | Killed an ice beast
  2060 | D:3      | Reached XP level 6. HP: 2/52 MP: 6/6
  2813 | D:3      | Reached *** piety under Trog
  3261 | D:4      | Slain by a phantom

Vault maps used:
D:1:      lemuel_arrival_funnel, minmay_misc_feat_room
D:2:      uniq_natasha
D:3:      first_ration
D:4:      minmay_temple_entry_glassed_door

Skill      XL: |  1  2  3  4  5  6 |
---------------+-------------------+-----
Long Blades    | 4 5 6 |  6.7
Dodging        | 3 |  3.6
Fighting       | 4 |  4.4

Action                   |  1- 3 |  4- 6 || total
-------------------------+-------+-------++-------
Melee: Falchion          |    63 |   171 ||   234
       Tailslap          |     2 |    17 ||    19
Invok: Berserk           |     1 |     5 ||     6
  Use: Scroll            |     2 |     4 ||     6
       Potion            |       |     2 ||     2
  Eat: Chunk             |       |    13 ||    13
Armor: Skin              |    18 |    47 ||    65
Dodge: Dodged            |    40 |   103 ||   143
       Rpst.: Falchion   |    15 |    33 ||    48

Table legend:
 A = Spawn XP
 B = Non-spawn XP
 C = Spawn XP percentage of total XP
 D = Spawn monster count
 E = Non-spawn monster count
 F = Spawn count percentage of total count
 G = Total turns spent on level
                    A         B        C        D         E        F      G
               +---------+---------+-------+---------+---------+-------+---------
         Total |       0 |     670 |   0.0 |       0 |      74 |   0.0 |  3261
               +---------+---------+-------+---------+---------+-------+---------
           D:1 |       0 |      22 |   0.0 |       0 |      12 |   0.0 |   994
           D:2 |       0 |     248 |   0.0 |       0 |      27 |   0.0 |   985
           D:3 |       0 |     384 |   0.0 |       0 |      33 |   0.0 |  1233
           D:4 |       0 |      16 |   0.0 |       0 |       2 |   0.0 |    49
               +---------+---------+-------+---------+---------+-------+---------
